 Dungeon Crawl Stone Soup version 0.14.0-20-g75a2fc2 (webtiles) character file.

449 Leibowitz the Ducker (level 7, -1/66 HPs)
             Began as a Kobold Berserker on Apr 21, 2014.
             Was an Elder of Trog.
             Slain by a hobgoblin
             ... wielding a +0,+0 club
              (2 damage)
             ... on Level 3 of the Dungeon.
             The game lasted 00:11:07 (2531 turns).

Leibowitz the Ducker (Kobold Berserker)             Turns: 2531, Time: 00:11:08

HP  -1/66        AC  3     Str 22      XL: 7   Next:  1%
MP   7/7         EV 17     Int  5      God: Trog [****..]
Gold 81          SH  0     Dex 12 (16) Spells:  0 memorised,  6 levels left

rFire  . . .     SeeInvis .     a - +2 dagger (venom)
rCold  . . .     Clarity  .     b - +0 animal skin
rNeg   + . .     Conserve .     (no shield)
rPois  .         rCorr    .     (no helmet)
rElec  .         rRot     .     (no cloak)
SustAb . .       Spirit   .     (no gloves)
rMut   .         Warding  +     p - +0 pair of boots
Saprov + + .     Stasis   .     d - amulet of warding
MR     .....                    (no ring)
                                (no ring)

@: berserking (expiring), very quick, not resistant to hostile enchantments,
extremely unstealthy
A: disease resistance, carnivore 3, saprovore 2
a: Burn Spellbooks, Berserk, Trog's Hand, Brothers in Arms, Renounce Religion


You were on level 3 of the Dungeon.
You worshipped Trog.
Trog was greatly pleased with you.
You were not hungry.

You visited 1 branch of the dungeon, and saw 3 of its levels.

You collected 81 gold pieces.

Inventory:

Hand weapons
 a - a +2,+2 dagger of venom (weapon)
 n - a +0,+0 short sword
Missiles
 m - 11 poisoned needles
Armour
 b - a +0 animal skin (worn)
 p - a +0 pair of boots (worn)
Comestibles
 c - 2 meat rations
Scrolls
 f - 2 scrolls of remove curse
 g - 5 scrolls of identify
Jewellery
 d - an amulet of warding (around neck)
Potions
 e - a potion of curing
 k - 4 potions of haste


   Skills:
 * Level 4.5 Fighting
 + Level 5.0 Short Blades
 + Level 1.7 Armour
 * Level 5.9 Dodging
 * Level 3.8 Stealth


You had 6 spell levels left.
You didn't know any spells.

Dungeon Overview and Level Annotations

Branches:
Dungeon (3/15)

Altars:
Fedhas
Kikubaaqudgha


Innate Abilities, Weirdness & Mutations

You recuperate from illness quickly.
You are small and have problems with some larger weapons.
You are carnivorous and can eat meat at any time.
You can eat rotten meat.


Message History

The magic dart hits you!
* * * LOW HITPOINT WARNING * * *
You hit the orc wizard.
The orc wizard is poisoned.
The orc wizard is moderately wounded.
The orc misses you. The orc wizard closely misses you.
The orc barely misses you. The hobgoblin barely misses you.
You barely miss the orc wizard.
The orc wizard is moderately wounded.
The orc wizard completely misses you.
You hit the orc wizard.
The orc wizard looks even sicker.
The orc wizard is severely wounded.
The orc closely misses you. x2
You puncture the orc wizard!
You kill the orc wizard!
Trog accepts your kill.
Trog appreciates your killing of a magic user.
Your Short Blades skill increases to level 5!
You have reached level 7!
The hobgoblin hits you with a club.
You die...

##### #.......
#........
#......... #####
#.......... #...#
#.......... #...#
#..)....... #...#
#?o)o......#
#...#
#.)@.......#
#...#
#...g......#
#...###..........
#..............?.
#....(.##(.######
#.##...##.....
#.##...........
#.##...##.....
#.###.###....


You could see 2 orcs and a hobgoblin.

Vanquished Creatures
  3 orc wizards (D:3)
  A worker ant (D:3)
  3 orc priests (D:3)
  10 adders
  A giant mite (D:1)
  A giant gecko (D:2)
  4 orcs (D:3)
  6 bats
  2 bat zombies (D:2)
  7 giant cockroaches
  14 goblins
  7 hobgoblins
  3 jackals (D:2)
  An ooze (D:1)
  5 ball pythons
  3 giant newts
  7 kobolds
  A quokka (D:2)
  2 rats
  A rat zombie (D:2)
82 creatures vanquished.

Vanquished Creatures (others)
  An orc (D:3)
1 creature vanquished.

Grand Total: 83 creatures vanquished

Notes
Turn   | Place    | Note
--------------------------------------------------------------
     0 | D:1      | Leibowitz, the Kobold Berserker, began the quest for the Orb.
     0 | D:1      | Reached XP level 1. HP: 14/14 MP: 1/1
    95 | D:1      | Reached XP level 2. HP: 19/19 MP: 2/2
   277 | D:1      | Reached XP level 3. HP: 18/24 MP: 3/3
   736 | D:2      | Found a blossoming altar of Fedhas.
   745 | D:2      | Acquired Trog's second power
   818 | D:2      | Reached XP level 4. HP: 27/29 MP: 4/4
  1015 | D:2      | Reached skill level 1 in Stealth
  1482 | D:2      | Found an ancient bone altar of Kikubaaqudgha.
  1559 | D:3      | Reached XP level 5. HP: 27/33 MP: 5/5
  2042 | D:3      | Reached skill level 5 in Dodging
  2096 | D:3      | Reached XP level 6. HP: 39/39 MP: 6/6
  2168 | D:3      | Acquired Trog's third power
  2527 | D:3      | HP: 1/58 [orc wizard/magic dart (4)]
  2531 | D:3      | Reached skill level 5 in Short Blades
  2531 | D:3      | Reached XP level 7. HP: 1/44 MP: 7/7
  2531 | D:3      | Slain by a hobgoblin

Action                   |  1- 3 |  4- 6 |  7- 9 || total
-------------------------+-------+-------+-------++-------
Melee: Short sword       |    81 |       |       ||    81
       Dagger            |    21 |   200 |       ||   221
Invok: Berserk           |       |     2 |       ||     2
  Use: Scroll            |       |     8 |       ||     8
       Potion            |       |     5 |       ||     5
 Stab: Sleeping          |     2 |     5 |       ||     7
